 Dungeon Crawl Stone Soup version 0.24.0-7-gb3623d2c88 (webtiles) character file.

Game seed: 13140333037572279961, levelgen mode: deterministic

1472 Furryfag69 the Cleaver (level 8, 0/64 HPs)
             Began as a Minotaur Berserker on Nov 3, 2019.
             Was an Elder of Trog.
             Slain by a wight
             ... wielding a +0 battleaxe
              (3 damage)
             ... on level 5 of the Dungeon.
             The game lasted 00:09:59 (4895 turns).

Furryfag69 the Cleaver (Minotaur Berserker)         Turns: 4895, Time: 00:10:00

Health: 0/64       AC:  3    Str: 22    XL:     8   Next: 49%
Magic:  7/7        EV: 14    Int:  4    God:    Trog [****..]
Gold:   81         SH:  0    Dex: 12    Spells: 7/7 levels left

rFire    + . .     SeeInvis .   a - +0 hand axe
rCold    + . .     Gourm    .   (no shield)
rNeg     . . .     Faith    .   b - +1 animal skin
rPois    +         Spirit   .   (helmet restricted)
rElec    +         Reflect  .   (no cloak)
rCorr    +         Harm     .   (no gloves)
MR       .....                  (no boots)
Stlth    ++........             (no amulet)
HPRegen  0.20/turn              q - ring of poison resistance
MPRegen  0.10/turn              (no ring)

@: resistant, berserk cooldown, slowed, drained, very slow
A: retaliatory headbutt, horns 2
a: Berserk, Trog's Hand, Brothers in Arms, Renounce Religion


You were on level 5 of the Dungeon.
You worshipped Trog.
Trog was greatly pleased with you.
You were hungry.

You visited 1 branch of the dungeon, and saw 5 of its levels.

You collected 279 gold pieces.
You spent 198 gold pieces at shops.

Inventory:

Hand Weapons
 a - a +0 hand axe (weapon)
Armour
 b - a +1 animal skin (worn)
Jewellery
 q - a ring of poison resistance (left hand)
Wands
 f - a wand of polymorph (10)
 r - a wand of digging (5)
Scrolls
 j - a scroll of remove curse
Potions
 e - 3 potions of curing
 g - a potion of haste
 h - a potion of magic {unknown}
 i - a potion of agility {unknown}
 k - a potion of degeneration {unknown}
 l - a potion of ambrosia {unknown}
 m - a potion of lignification {unknown}
 n - a potion of cancellation {unknown}
Comestibles
 c - 3 rations


   Skills:
 - Level 3.6(2.7) Fighting
 + Level 10.7(9.7) Axes
 - Level 2.4(1.6) Armour
 + Level 6.1(5.2) Dodging
 + Level 2.7(1.8) Stealth


You had 7 spell levels left.
You didn't know any spells.
Your spell library was empty.

Dungeon Overview and Level Annotations

Branches:
Dungeon (5/15)             Temple (0/1) D:4

Altars:
Elyvilon
Hepliaklqana
Makhleb
Qazlal
Uskayaw
Zin
The Shining One

Shops:
D:4 }


Innate Abilities, Weirdness & Mutations

You reflexively headbutt those who attack you in melee.
You have a pair of horns on your head.


Message History

You hit the wight but do no damage. Your headbutt misses the wight.
The wight is severely damaged.
A hound comes into view.
The wight hits you with a +0 dire flail!
* * * LOW HITPOINT WARNING * * *
You feel drained.
* * * LOW HITPOINT WARNING * * *
The hound barks!
You feel protected.
The wight hits you with a +0 dire flail!
* * * LOW HITPOINT WARNING * * *
You feel drained.
* * * LOW HITPOINT WARNING * * *
The wight barely misses you. The wight misses you. You furiously retaliate!
You headbutt the wight.
Things that are here:
a +0 dagger; an orc corpse You barely miss the wight.
You hit the wight. The wight hits you with a +0 battleaxe.
You die...

# #.... # #.#.# # ######
#.#.###. ....... #......
#..#.#. # #...# #..#.#..#
#...# # .#.#..# #...# # #
.#.#..#####...###.##.##
.............!@zh.....#
#..#..>.......#z....#..
###....#.................
.......##.#.#...#.⌠.⌠.#.#
###..)###.#.#...........#
#†.####.#.#...#.....#.#
#...>...#.#.[...._....#
####.######.....#.....#.
........# ####.........


You could see a hound and 2 wights.

Vanquished Creatures
  Grinder (D:3)
  Sigmund (D:2)
  A phantom (D:4)
  2 wights (D:5)
  A howler monkey (D:4)
  A crimson imp (D:5)
  A quasit (D:5)
  A hound (D:5)
  2 orc wizards (D:4)
  A jelly (D:5)
  3 orc priests
  A gnoll shaman (D:4)
  3 iron imps (D:3)
  2 iguanas (D:4)
  Jessica (D:3)
  Natasha (twice) (D:3)
  4 worker ants
  Robin (D:3)
  9 gnolls
  7 adders
  2 oozes
  4 worms
  2 dart slugs
  4 leopard geckos
  16 orcs
  8 bats
  3 giant cockroaches
  10 goblins
  15 hobgoblins
  5 jackals
  A quokka (D:2)
  8 frilled lizards
  11 kobolds
  11 rats
145 creatures vanquished.

Notes
Turn   | Place    | Note
-------+----------+-------------------------------------------
     0 | D:1      | Furryfag69 the Minotaur Berserker began the quest for the
                  | Orb.
     0 | D:1      | Reached XP level 1. HP: 19/19 MP: 0/0
    59 | D:1      | Reached skill level 4 in Axes
    74 | D:1      | Reached XP level 2. HP: 26/26 MP: 1/1
   705 | D:2      | Reached XP level 3. HP: 31/31 MP: 2/2
   708 | D:2      | Noticed Sigmund
   718 | D:2      | Killed Sigmund
   718 | D:2      | Reached skill level 6 in Axes
   718 | D:2      | Reached XP level 4. HP: 26/39 MP: 3/3
   718 | D:2      | Reached XP level 5. HP: 30/45 MP: 4/4
  1025 | D:2      | Reached ** piety under Trog
  1394 | D:2      | Reached skill level 7 in Axes
  1394 | D:2      | Reached XP level 6. HP: 51/51 MP: 5/5
  1436 | D:2      | Found a hide-covered altar of Uskayaw.
  1639 | D:2      | Found a glowing golden altar of the Shining One.
  1672 | D:3      | Noticed Robin
  1678 | D:3      | Noticed Jessica
  1756 | D:3      | Noticed Grinder
  1763 | D:3      | Killed Grinder
  1763 | D:3      | Reached skill level 8 in Axes
  1763 | D:3      | Reached skill level 1 in Stealth
  1764 | D:3      | Noticed Natasha
  1771 | D:3      | Killed Natasha
  1771 | D:3      | Reached XP level 7. HP: 24/57 MP: 6/6
  2079 | D:3      | Killed Robin
  2085 | D:3      | Killed Jessica
  2085 | D:3      | Reached skill level 5 in Dodging
  2098 | D:3      | Reached *** piety under Trog
  2112 | D:3      | Found a burning altar of Makhleb.
  2300 | D:3      | Found a glowing silver altar of Zin.
  2431 | D:3      | Noticed Natasha
  2435 | D:3      | Killed Natasha
  2481 | D:4      | Reached skill level 9 in Axes
  3203 | D:4      | Found a stormy altar of Qazlal.
  3204 | D:4      | Found a hazy altar of Hepliaklqana.
  3231 | D:4      | Found a staircase to the Ecumenical Temple.
  3271 | D:4      | Reached skill level 10 in Axes
  3271 | D:4      | Reached XP level 8. HP: 12/64 MP: 7/7
  3705 | D:4      | Found Tufoxilo's Gadget Boutique.
  3719 | D:4      | Bought a wand of digging (5) for 198 gold pieces
  4359 | D:5      | Entered Level 5 of the Dungeon
  4801 | D:5      | Reached **** piety under Trog
  4804 | D:5      | Found a white marble altar of Elyvilon.
  4893 | D:5      | HP: 2/64 [wight/+0 dire flail (4)]
  4895 | D:5      | Slain by a wight

Levels and vault maps discovered:
D:1:      minmay_arrival_plants_in_alcoves, layout_rooms, minmay_split_cup_small
D:2:      layout_loops_ring, lemuel_doored_altar, lemuel_crystal_altar,
          first_ration, uniq_sigmund
D:3:      layout_rooms, demons_altar, old_standard_altar, gup_sewer_entry_bowl,
          uniq_natasha, uniq_robin, uniq_grinder, uniq_jessica
D:4:      layout_cave_pools, gammafunk_temple_overflow_pools,
          minmay_temple_entry_drinking_statues, serial_shops,
          kennysheep_little_box
D:5:      layout_loops_cross, elyvilon_altar_5

Skill      XL: |  1  2  3  4  5  6  7  8 |
---------------+-------------------------+-----
Axes           | 4 6 7 8 10 | 10.7
Dodging        | 3 4 5 6 |  6.1
Stealth        | 1 2 |  2.7
Fighting       | |  3.6
Armour         | |  2.4

Action                   |  1- 3 |  4- 6 |  7- 9 || total
-------------------------+-------+-------+-------++-------
Melee: Hand axe          |    45 |    67 |   162 ||   274
       Headbutt          |     7 |    13 |    31 ||    51
Invok: Berserk           |     2 |     2 |     7 ||    11
  Use: Scroll            |     3 |     2 |     7 ||    12
       Potion            |       |     1 |     2 ||     3
 Stab: Distracted        |       |       |     1 ||     1
       Sleeping          |       |       |     3 ||     3
  Eat: Chunk             |       |     2 |       ||     2
       Ration            |       |     1 |     5 ||     6
Armor: Animal skin       |     8 |     8 |    14 ||    30
Dodge: Dodged            |    29 |    41 |    93 ||   163
